 Dungeon Crawl Stone Soup version 0.18-a0-1577-gf591c28 (webtiles) character file.

121 Hoebsumo the Chopper (level 4, -4/39 HPs)
             Began as a Minotaur Berserker on Mar 22, 2016.
             Was a Believer of Trog.
             Slain by an orc
             ... wielding a +0 trident
              (6 damage)
             ... on level 3 of the Dungeon.
             The game lasted 00:09:40 (1538 turns).

Hoebsumo the Chopper (Minotaur Berserker)           Turns: 1538, Time: 00:09:40

Health: -4/39      AC:  2    Str: 23    XL:     4   Next: 77%
Magic:  3/3        EV: 12    Int:  4    God:    Trog [**....]
Gold:   61         SH:  0    Dex:  9    Spells: 0 memorised, 3 levels left

rFire  . . .     SeeInvis .     g - +0 hand axe
rCold  . . .     Gourm    .     b - +0 animal skin
rNeg   . . .     Faith    .     (no shield)
rPois  .         Spirit   .     (helmet restricted)
rElec  .         Dismiss  .     (no cloak)
rCorr  .         Reflect  .     (no gloves)
SustAt .         Harm     .     (no boots)
MR     .....                    (no amulet)
Stlth  +.........               (no ring)
                                (no ring)

@: exhausted, slowed, very slow, not resistant to hostile enchantments, very
unstealthy
A: retaliatory headbutt, horns 2
a: Berserk, Trog's Hand, Burn Spellbooks, Renounce Religion


You were on level 3 of the Dungeon.
You worshipped Trog.
Trog was pleased with you.
You were hungry.

You visited 1 branch of the dungeon, and saw 3 of its levels.

You collected 61 gold pieces.

Inventory:

Hand Weapons
 a - a +0 hand axe
 g - a +0 hand axe (weapon)
 m - a +3 short sword
Armour
 b - a +0 animal skin (worn)
 j - a +0 leather armour
Jewellery
 n - an uncursed ring of wizardry {unknown}
Scrolls
 d - a scroll of blinking {unknown}
 f - 2 scrolls of remove curse {unknown}
 h - a scroll of fog {unknown}
 i - a scroll of teleportation {unknown}
 p - a scroll of noise {unknown}
Potions
 e - 3 potions of might {unknown}
Comestibles
 c - 2 bread rations
 k - a beef jerky
 l - 4 fruits


   Skills:
 - Level 3.6 Fighting
 * Level 6.7 Axes
 - Level 2.4 Armour
 - Level 2.1 Dodging


You had 3 spell levels left.
You didn't know any spells.

Dungeon Overview and Level Annotations

Branches:
Dungeon (3/15)

Altars:
The Shining One


Innate Abilities, Weirdness & Mutations

You reflexively headbutt those who attack you in melee.
You have a pair of horns on your head.


Message History

An orc is nearby!
An orc is nearby!
The orc hits you with a trident.
There is a stone staircase leading down here.
You closely miss the orc. The orc hits you but does no damage.
The orc hits you with a trident.
* * * LOW HITPOINT WARNING * * *
You hit the orc. Your headbutt misses the orc.
The orc is heavily wounded.
The orc closely misses you.
The orc hits you from afar with a trident!
* * * LOW HITPOINT WARNING * * *
All of the chunks of flesh in your inventory have rotted away.
The orc barely misses you. The orc misses you. You furiously retaliate!
You headbutt the orc, but do no damage. You hit the orc.
The orc is heavily wounded.
The orc hits you with a trident.
You die...

.# ####.###### #.# .#
#.........###.######## .#
#.##.####..........o.. .#
#.##.####..##.######## .#
#.##.......##.########.
.###.##...)......)w)......
.##...#.####..############
........# #..###########
.##..<######.(wo@........
...........##.###########
.....#####....# ######
######


You could see a worm and an orc.

Vanquished Creatures
  An orc wizard (D:3)
  5 adders (D:2)
  2 worms (D:2)
  A dart slug (D:2)
  A giant gecko (D:2)
  2 orcs (D:3)
  4 giant cockroaches
  5 goblins
  5 hobgoblins
  4 jackals (D:2)
  3 kobolds (D:2)
  A quokka (D:3)
  2 bats
  5 rats (D:2)
41 creatures vanquished.

Notes
Turn   | Place    | Note
--------------------------------------------------------------
     0 | D:1      | Hoebsumo the Minotaur Berserker began the quest for the Orb.
     0 | D:1      | Reached XP level 1. HP: 19/19 MP: 0/0
    86 | D:1      | You fall through a shaft!
    92 | D:2      | Reached skill level 4 in Axes
    92 | D:2      | Reached XP level 2. HP: 26/26 MP: 1/1
   141 | D:2      | Reached skill level 5 in Axes
   192 | D:2      | Reached XP level 3. HP: 16/31 MP: 2/2
   637 | D:2      | Reached ** piety under Trog
   927 | D:2      | Reached XP level 4. HP: 32/39 MP: 3/3
  1068 | D:2      | Reached skill level 6 in Axes
  1115 | D:2      | Found a glowing golden altar of the Shining One.
  1535 | D:3      | HP: 1/39 [orc/trident (9)]
  1538 | D:3      | Slain by an orc

Vault maps used:
D:1:      tarquinn_simple_flora_water_d, serial_forest,
          infiniplex_forest_clump_diagonal, infiniplex_forest_clump_small,
          infiniplex_forest_corner_2, infiniplex_forest_straight_2,
          infiniplex_forest_straight_2, infiniplex_forest_end_double,
          infiniplex_forest_straight_1, infiniplex_forest_clump_double,
          infiniplex_forest_lined_room_2, infiniplex_forest_clump_cross,
          minmay_misc_feat_chi
D:2:      tso_altar
D:3:      marbit_many_paths, first_bread, uniq_crazy_yiuf_cottage

Skill      XL: |  1  2  3  4 |
---------------+-------------+-----
Axes           | 4 5 6 |  6.7
Fighting       | |  3.6
Armour         | |  2.4
Dodging        | |  2.1

Action                   |  1- 3 |  4- 6 || total
-------------------------+-------+-------++-------
Melee: Hand axe          |    49 |    39 ||    88
Invok: Berserk           |     1 |     1 ||     2
  Eat: Chunk             |     1 |     2 ||     3
